AoeStats
← Gnam

Black Forest

510383679Analyzed
2v2 RM · 1d ago on Sep 30, 2026· 57m 49s· 4 players
Game mode
Random Map
Map size
Medium (4 player)
Population
200
Speed
Normal
Resources
Standard
Victory
Conquest
Starting age
Dark Age
Ending age
Imperial Age
RankedLock teamsTeams togetherTeam positionsShared explorationLock speedFull tech treeHidden civsTurbo modeCheats
Victory
Defeat
🇨🇿 Slavs · Czechia
1162
+16
🇨🇿 Hindustanis · Czechia
1102
+18
🇫🇷 Persians · France
1177
-18
🇫🇷 Italians · France
1140
-16
Gnam
1:04 Loom
10:57 Feudal Age
14:45 Castle Age
13:49 Double-Bit Axe
21:24 Scale Mail Armor
22:24 Town Watch
22:57 Forging
24:20 Bow Saw
23:53 Horse Collar
25:58 Chain Mail Armor
26:31 Stone Mining
27:14 Arson
29:49 Wheelbarrow
29:18 Heavy Plow
31:27 Iron Casting
32:56 Grand Trunk Road
34:58 Gold Mining
38:43 Imperial Age
37:19 Fletching
39:55 Gold Shaft Mining
40:44 Chemistry
39:09 Elite Ghulam
51:06 Pikeman
56:10 Bloodlines
55:24 Light Cavalry
Stone159
7:16 Loom
11:11 Feudal Age
12:06 Double-Bit Axe
15:58 Castle Age
14:14 Horse Collar
16:14 Scale Barding Armor
17:36 Chain Barding Armor
22:53 Wheelbarrow
22:39 Bow Saw
23:10 Bloodlines
24:11 Forging
26:00 Hand Cart
25:30 Town Watch
27:42 Iron Casting
28:29 Heavy Plow
30:52 Town Patrol
30:59 Husbandry
35:57 Imperial Age
33:47 Fletching
35:45 Gold Mining
37:07 Conscription
36:10 Cavalier
37:35 Plate Barding Armor
37:45 Gold Shaft Mining
38:12 Blast Furnace
36:40 Capped Ram
41:26 Chemistry
40:26 Bodkin Arrow
40:54 Block Printing
42:11 Illumination
42:28 Pikeman
43:08 Squires
43:10 Scale Mail Armor
44:06 Siege Engineers
44:54 Stone Mining
44:57 Halberdier
47:38 Chain Mail Armor
50:13 Elite Boyar
kiara.g
0:59 Loom
8:10 Loom
10:44 Feudal Age
11:32 Loom
14:46 Castle Age
17:38 Horse Collar
17:45 Double-Bit Axe
23:38 Heavy Plow
29:00 Wheelbarrow
31:38 Imperial Age
29:18 Gold Mining
29:18 Stone Mining
30:23 Hand Cart
30:21 Town Watch
30:50 Forging
30:50 Scale Barding Armor
31:39 Gold Shaft Mining
32:15 Iron Casting
32:52 Town Patrol
33:29 Chain Barding Armor
33:00 Onager
34:02 Conscription
35:13 Blast Furnace
34:05 Elite War Elephant
36:18 Plate Barding Armor
36:28 Crop Rotation
36:10 Bow Saw
42:48 Chemistry
52:01 Heavy Camel Rider
Cawottes
2:15 Loom
14:00 Feudal Age
17:44 Castle Age
15:36 Double-Bit Axe
17:14 Horse Collar
17:27 Gold Mining
17:28 Stone Mining
18:35 Wheelbarrow
18:24 Town Watch
47:57 Bow Saw
50:56 Redemption
55:41 Imperial Age
55:19 Pikeman
55:59 Squires
55:48 Arson
56:54 Block Printing
Connection lost

Rejoining the realm…

Still unreachable

The connection could not be restored.

Session expired

The server has moved on; the page needs a fresh start.